 Dungeon Sprint DCSS version 0.17-a0-226-ge260c71 (webtiles) character file.

2328 BluebellGnoll the Arsonist (level 9, -1/91 HPs)
             Began as an Octopode Fire Elementalist on Mar 28, 2015.
             Was a Priest of Vehumet.
             Slain by a draconian
             ... wielding a +0 dagger
              (14 damage)
             ... in the Dungeon (Sprint V: "Ziggurat Sprint").
             The game lasted 00:08:08 (836 turns).

BluebellGnoll the Arsonist (OpFE)                    Turns: 836, Time: 00:08:09

Health: -1/91      AC:  1    Str: 25    XL:     9   Next: 42%
Magic:  20/33      EV: 15    Int: 38    God:    Vehumet [***...]
Gold:   0          SH:  0    Dex: 24    Spells: 6 memorised, 4 levels left

rFire  . . .     SeeInvis .     u - +6 Majin-Bo {vamp, Archmagi MP+6 Int+6} (curse)
rCold  . . .     Clarity  .     (no shield)
rNeg   . . .     SustAb   .     (helmet restricted)
rPois  .         Gourm    .     (no amulet)
rElec  .         Spirit   .     m - +6 ring of dexterity
rCorr  .         Warding  .     n - +6 ring of dexterity
rMut   .         NoTele   +     o - +6 ring of intelligence
MR     .....                    p - +6 ring of intelligence
Stlth  ..........               q - +6 ring of strength (curse)
                                r - +6 ring of strength
                                (no ring)
                                (no ring)

@: berserking, very quick, not resistant to hostile enchantments, extremely
unstealthy
A: almost no armour, amphibious, 8 rings, constrict 8, camouflage 1, gelatinous
body 1
a: Renounce Religion


You were in the Dungeon.
You worshipped Vehumet.
Vehumet was most pleased with you.
You were not hungry.

You visited 1 branch

Inventory:

Hand weapons
 u - the cursed +6 Majin-Bo (weapon) {vamp, Archmagi MP+6 Int+6}
   (You found it in the Dungeon)

   It inflicts no extra harm, but heals its wielder somewhat when it strikes a
   living foe.
   It affects your intelligence (+6).
   It affects your magic capacity (+6).
   It has a curse placed upon it.
 I - a +5 lajatang
Magical staves
 s - an uncursed staff of energy
Jewellery
 m - a +6 ring of dexterity (left tentacle)
 n - a +6 ring of dexterity (right tentacle)
 o - a +6 ring of intelligence (on tentacle)
 p - a +6 ring of intelligence (on tentacle)
 q - a cursed +6 ring of strength (on tentacle)
 r - a +6 ring of strength (on tentacle)
 L - the ring "Nyqusas" {rElec MR+ Str-4 Int+2 Dex+3}
   (You found it in the Dungeon)

   [ring of protection from magic]

   It affects your strength (-4).
   It affects your intelligence (+2).
   It affects your dexterity (+3).
   It insulates you from electricity.
   It affects your resistance to hostile enchantments.
 Q - an uncursed ring of ice
Magical devices
 a - a wand of disintegration (7)
 j - a wand of fire (3)
 k - a wand of cold (5)
 l - a wand of draining (5)
 S - a wand of hasting (2)
Scrolls
 i - 2 scrolls of blinking
 x - 4 scrolls of amnesia
 y - 3 scrolls of recharging
 z - 7 scrolls of fog
 A - a scroll of holy word
 B - 5 scrolls of identify
 C - 5 scrolls of remove curse
 D - 2 scrolls of fear
Potions
 d - 10 potions of curing
 e - 10 potions of heal wounds
 f - 5 potions of haste
 g - 7 potions of magic
 h - 2 potions of berserk rage
 E - 2 potions of brilliance
 F - a potion of invisibility
 G - 2 potions of restore abilities
 H - 4 potions of resistance
 J - 4 potions of agility
 K - 4 potions of might
Books
 b - a book of Flames

   Spells                             Type                      Level
   a - Flame Tongue                   Conjuration/Fire             1
   b - Throw Flame                    Conjuration/Fire             2
   c - Conjure Flame                  Conjuration/Fire             3
   d - Inner Flame                    Hexes/Fire                   3
   e - Sticky Flame                   Conjuration/Fire             4
   f - Fireball                       Conjuration/Fire             5
 O - a book of the Sky

   Spells                             Type                      Level
   a - Flight                         Charms/Air                   3
   b - Airstrike                      Air                          4
   c - Silence                        Hexes/Air                    5
   d - Deflect Missiles               Charms/Air                   6
   e - Conjure Ball Lightning         Conjuration/Air              6
   f - Tornado                        Air                          9
 R - a book of Envenomations

   Spells                             Type                      Level
   a - Spider Form                    Transmutation/Poison         3
   b - Alistair's Intoxication        Transmutation/Poison         4
   c - Olgreb's Toxic Radiance        Poison                       4
   d - Poisonous Cloud                Conjuration/Poison/Air       6
 T - a book of Control

   Spells                             Type                      Level
   a - Control Teleport               Charms/Translocation         4
   b - Control Undead                 Necromancy                   4
   c - Enslavement                    Hexes                        4
   d - Metabolic Englaciation         Hexes/Ice                    5
   e - Mass Confusion                 Hexes                        6
Miscellaneous
 t - a crystal ball of energy
 M - a lamp of fire
 N - a sack of spiders
 P - a lantern of shadows
Comestibles
 c - 5 bread rations
 v - 40 fruits
 w - 3 meat rations


   Skills:
 - Level 5.0 Fighting
 - Level 3.6 Dodging
 - Level 2.6 Stealth
 - Level 10.0 Spellcasting
 - Level 7.5 Conjurations
 + Level 5.6 Hexes
 - Level 11.6 Fire Magic
 - Level 9.1 Air Magic


You had 4 spell levels left.
You knew the following spells:

 Your Spells              Type           Power        Failure   Level  Hunger
a - Flame Tongue          Conj/Fire      #####        1%          1    None
b - Throw Flame           Conj/Fire      ######       1%          2    None
c - Poisonous Cloud       Conj/Pois/Air  ######....   10%         6    ####...
d - Mass Confusion        Hex            #######...   34%         6    ####...
e - Sticky Flame          Conj/Fire      #######.     1%          4    None
f - Fireball              Conj/Fire      #######...   1%          5    #......


Dungeon Overview and Level Annotations

Branches:
Dungeon (1/1)

Altars:
Ashenzari
Cheibriados
Dithmenos
Elyvilon
Fedhas
Gozag
Kikubaaqudgha
Makhleb
Nemelex Xobeh
Okawaru
Qazlal
Ru
Sif Muna
Trog
Vehumet
Xom
Yredelemnul
Zin
The Shining One
Beogh
Jiyva
Lugonu


Innate Abilities, Weirdness & Mutations

You cannot wear most types of armour.
You are amphibious.
You can wear up to eight rings at the same time.
You can use your tentacles to constrict many enemies at once.
Your skin changes colour to match your surroundings (Stealth).
Your rubbery body absorbs attacks (AC +1).


Message History

The draconian looks even sicker.
The draconian hits you with an uncursed staff of fire.
* * * LOW HITPOINT WARNING * * *
You are too injured to fight recklessly!
Unknown command.
You are too injured to fight recklessly!
Unknown command.
You are too injured to fight recklessly!
Unknown command.
You are too injured to fight recklessly!
You are too injured to fight recklessly!
Unknown command.
You are too injured to fight recklessly!
Unknown command.
You are too injured to fight recklessly!
You are too injured to fight recklessly!
You hit the draconian.
You feel better.
Your grab misses the draconian.
The draconian is severely wounded.
The draconian hits you with a dagger!
You die...

▓.....▓.....▓▓▓▓▓▓▓
▓▓▓▓▓▓▓▓▓▓▓▓▓▓▓▓▓▓
▓..8©8...▓..8©8...▓
▓..).....▓..")"...▓
▓...}....▓........▓
▓........▓.§§§....▓
▓........▓.§§§....▓
▓........▓.▓§dd.▓.▓
▓........▓..d@d...▓
▓▓▓▓▓▓▓▓▓▓▓▓▓▓▓▓▓▓▓


You could see 4 draconians.

Vanquished Creatures
  A death scarab (D)
  A draconian (D)
  4 toenail golems (D)
  A small abomination (D)
  A crimson imp (D)
  A quasit (D)
  2 mummies (D)
  A shadow imp (D)
  An ufetubus (D)
  A bat skeleton (D)
14 creatures vanquished.

Notes
Turn   | Place    | Note
--------------------------------------------------------------
     0 | D        | BluebellGnoll, the Octopode Fire Elementalist, began the quest for the Orb.
     0 | D        | Reached XP level 1. HP: 11/11 MP: 3/3
     0 | D        | Found a viscous altar of Jiyva.
     0 | D        | Found a corrupted altar of Lugonu.
     0 | D        | Found a white marble altar of Elyvilon.
     2 | D        | Found a sparkling altar of Nemelex Xobeh.
     2 | D        | Found a burning altar of Makhleb.
     3 | D        | Found a deep blue altar of Sif Muna.
     3 | D        | Found a bloodstained altar of Trog.
     6 | D        | Found an iron altar of Okawaru.
    20 | D        | Found a radiant altar of Vehumet.
    23 | D        | Found a basalt altar of Yredelemnul.
    24 | D        | Found a shimmering altar of Xom.
    31 | D        | Reached skill level 5 in Fighting
    31 | D        | Reached skill level 5 in Spellcasting
    31 | D        | Reached XP level 2. HP: 14/24 MP: 3/9
    40 | D        | Became a worshipper of Vehumet
    49 | D        | Learned a level 2 spell: Throw Flame
   160 | D        | Entered arena 1.
   160 | D        | Noticed a crimson imp
   165 | D        | Killed a crimson imp
   165 | D        | Reached XP level 3. HP: 18/29 MP: 11/11
   170 | D        | Got the ring "Nyqusas" {rElec MR+ Str-4 Int+2 Dex+3}
   175 | D        | Entered arena 2.
   175 | D        | Noticed a death scarab
   179 | D        | Killed a death scarab
   179 | D        | Acquired Vehumet's first power
   179 | D        | Offered knowledge of Sandblast by Vehumet.
   179 | D        | Reached skill level 7 in Conjurations
   179 | D        | Reached skill level 11 in Fire Magic
   179 | D        | Reached XP level 4. HP: 7/35 MP: 13/13
   179 | D        | Reached XP level 5. HP: 7/39 MP: 15/15
   179 | D        | Reached XP level 6. HP: 8/45 MP: 17/17
   179 | D        | Reached XP level 7. HP: 8/50 MP: 18/18
   186 | D        | Learned a level 5 spell: Fireball
   203 | D        | Learned a level 4 spell: Sticky Flame
   483 | D        | Entered arena 3.
   483 | D        | Noticed a quasit
   483 | D        | Noticed a small abomination
   484 | D        | Offered knowledge of Shock by Vehumet.
   484 | D        | Killed a quasit
   485 | D        | Killed a small abomination
   485 | D        | Acquired Vehumet's second power
   502 | D        | Learned a level 6 spell: Poisonous Cloud
   547 | D        | Entered arena 4.
   547 | D        | Noticed a toenail golem
   547 | D        | Noticed a toenail golem
   547 | D        | Noticed a toenail golem
   547 | D        | Noticed a toenail golem
   551 | D        | Killed a toenail golem
   551 | D        | Reached skill level 5 in Air Magic
   551 | D        | Reached XP level 8. HP: 38/55 MP: 6/23
   551 | D        | Killed a toenail golem
   551 | D        | Killed a toenail golem
   551 | D        | Reached XP level 9. HP: 42/61 MP: 9/27
   559 | D        | Killed a toenail golem
   559 | D        | Reached skill level 10 in Spellcasting
   701 | D        | Learned a level 6 spell: Mass Confusion
   828 | D        | Entered arena 5.
   828 | D        | Noticed a draconian
   828 | D        | Noticed a draconian
   828 | D        | Noticed a draconian
   828 | D        | Noticed a draconian
   828 | D        | Noticed a draconian
   834 | D        | Killed a draconian
   834 | D        | Offered knowledge of Searing Ray by Vehumet.
   834 | D        | Reached skill level 5 in Hexes
   836 | D        | Slain by a draconian

Action                   |  1- 3 |  4- 6 |  7- 9 || total
-------------------------+-------+-------+-------++-------
Melee: Quarterstaff      |     6 |       |     4 ||    10
 Cast: Flame Tongue      |     1 |       |       ||     1
       Fireball          |       |       |    11 ||    11
       Poisonous Cloud   |       |       |     1 ||     1
Evoke: Wand              |       |       |     2 ||     2
       Lamp of fire      |       |       |     1 ||     1
       Sack of spiders   |       |       |     1 ||     1
  Use: Potion            |     5 |       |     1 ||     6
       Scroll            |       |       |     2 ||     2
 Stab: Invisible         |     1 |       |       ||     1
  Eat: Fruit             |     2 |       |       ||     2
       Meat ration       |       |       |     1 ||     1
